 Dungeon Crawl Stone Soup version 0.30.1-11-g7821555f0a (webtiles) character file.

Game seed: 17714515150384172152

918 Cheops the Chiller (level 8, -2/78 HPs)
             Began as a Merfolk Ice Elementalist on Nov 2, 2023.
             Was an Initiate of the Shining One.
             Slain by Pikel
             ... wielding a +1 whip of freezing
              (4 damage)
             ... on level 7 of the Dungeon.
             The game lasted 00:15:54 (6096 turns).

Cheops the Chiller (Merfolk Ice Elementalist)       Turns: 6096, Time: 00:15:55

Health: -2/78      AC: 15    Str:  8    XL:     8   Next: 9%
Magic:  3/14       EV: 12    Int: 19    God:    the Shining One [......]
Gold:   301        SH:  0    Dex: 14    Spells: 1/15 levels left

rFire   . . .        a - +0 trident (venom)
rCold   . . .        (no shield)
rNeg    . . .        q - +0 robe of the Land of Plenty {+Blink rCorr Int+2}
rPois   .            i - +0 helmet
rElec   .            g - +0 cloak
rCorr   +            (no gloves)
SInv    .            (no boots)
Will    .....        (no amulet) Stlth
                     k - ring of wizardry
HPRegen 0.33/turn    u - +4 ring of protection
MPRegen 0.14/turn

%: wizardry (x1)
@: berserking, ice-armoured, about to teleport, freezing walls, attractive,
glowing, very quick
A: (nimble swimmer 2), mertail
a: Renounce Religion, Evoke Blink


You were on level 7 of the Dungeon.
You worshipped the Shining One.
The Shining One was noncommittal.
You visited 2 branches of the dungeon, and saw 9 of its levels.

You collected 301 gold pieces.

Inventory:

Hand Weapons
 a - a +0 trident of venom (weapon)
 d - a +0 short sword
 v - a +1 dagger of electrocution
Armour
 g - a +0 cloak (worn)
 i - a +0 helmet (worn)
 q - the +0 robe of the Land of Plenty (worn) {+Blink rCorr Int+2}
   (You found it on level 2 of the Dungeon)

   Int:       It affects your intelligence (+2).
   +Blink:    It lets you blink.
   rCorr:     It protects you from acid and corrosion.
 r - a +0 robe
Jewellery
 k - a ring of wizardry (left hand)
 u - a +4 ring of protection (right hand)
Wands
 B - a wand of paralysis (12)
Scrolls
 e - a scroll of immolation
 f - 5 scrolls of teleportation
 j - a scroll of fear
 p - a scroll of amnesia
 s - 2 scrolls of vulnerability
 w - a scroll of silence
 y - a scroll of brand weapon
 C - a scroll of magic mapping {unknown}
Potions
 b - a potion of magic
 c - 2 potions of attraction
 h - a potion of curing {unknown}
 l - a potion of berserk rage
 m - 3 potions of haste {unknown}
 n - 3 potions of might {unknown}
 o - a potion of heal wounds {unknown}
 t - a potion of brilliance {unknown}
 x - a potion of ambrosia {unknown}
 z - 2 potions of degeneration {unknown}
 A - a potion of invisibility


   Skills:
 + Level 6.2 Polearms
 - Level 2.6 Dodging
 - Level 2.1 Stealth
 - Level 4.0 Spellcasting
 * Level 2.1 Hexes
 - Level 3.0 Summonings
 - Level 7.0 Ice Magic


You had one spell level left.
You knew the following spells:

 Your Spells              Type           Power      Damage    Failure   Level
a - Freeze                Ice            100%       1d10      1%          1
r - Frozen Ramparts       Ice            60%        1d10      1%          3
A - Ozocubu's Armour      Ice            30%        N/A       1%          3
I - Summon Ice Beast      Ice/Summ       22%        N/A       7%          4
T - Tukima's Dance        Hex            11%        N/A       7%          3

Your spell library contained the following spells:

 Spells                   Type           Power      Damage    Failure   Level
 Hailstorm                Conj/Ice       17%        3d6       4%          3
 Portal Projectile        Hex/Tloc       14%        N/A       11%         3
 Blade Hands              Tmut           1%         N/A       80%         5


Dungeon Overview and Level Annotations

Branches:
Dungeon (8/15)             Temple (1/1) D:5
   Lair: D:8-11

Altars:
Ashenzari
Cheibriados
Dithmenos
Elyvilon
Fedhas
Gozag
Hepliaklqana
Kikubaaqudgha
Makhleb
Nemelex Xobeh
Okawaru
Qazlal
Ru
Sif Muna
Uskayaw
Vehumet
Wu Jian
Xom
Yredelemnul
Zin
The Shining One

Shops:
D:1 [   D:8 !(

Annotations:
D:7 Joseph, Pikel


Innate Abilities, Weirdness & Mutations

((You are very nimble when in or above water. (Stealth+, EV+, Speed+++)))
Your lower body shifts to a powerful aquatic tail in water.


Message History

Confirm with . or Enter, or press ? or * to list all spells.
Aiming: Freeze (safe; 1% risk of failure)
Press: ? - help, Shift-Dir - straight line, f/p - Joseph
Aim: Joseph, wielding a +0 quarterstaff, wearing a +0 leather armour and carrying a wand of roots (10) (lightly wounded)
You freeze Joseph.
Joseph is moderately wounded.
The wall freezes Joseph!
Joseph zaps a wand.
The roots erupt in riotous growth!
The grasping roots grab you!
Joseph is unaffected.
The grasping roots constrict you.
A lemure comes into view.
As you read the scroll labelled DEINGI KUBIZ, it crumbles to dust.
You feel strangely unstable.
It was a scroll of teleportation.
The wall freezes Joseph.
Joseph hits you with a +0 quarterstaff.
* * * LOW HITPOINT WARNING * * *
The grasping roots constrict you.
* * * LOW HITPOINT WARNING * * *
The wall freezes the lemure.
The lemure hits you but does no damage.
It was a potion of attraction.
You feel attractive to monsters.
The wall freezes Joseph.
Joseph barely misses you. The grasping roots constrict you.
* * * LOW HITPOINT WARNING * * *
The lemure is attracted toward you. x3
The grasping roots release their grip on you.
It was a potion of berserk rage.
A red film seems to cover your vision as you go berserk!
You feel yourself moving faster!
You feel mighty!
The wall freezes Joseph.
Joseph misses you.
The wall freezes the lemure!
The lemure is attracted toward you.
You puncture Joseph!
Joseph is poisoned.
Joseph is severely wounded.
The wall freezes Joseph.
Joseph hits you with a +0 quarterstaff!
* * * LOW HITPOINT WARNING * * *
You hit Joseph but do no damage.
Joseph is severely wounded.
The wall freezes Pikel.
Pikel hits you with a +1 whip of freezing!
* * * LOW HITPOINT WARNING * * *
Pikel freezes you.
You die...

#.# #.# #.# #.# #
#.. ... #.# ###
...#
##.####.###@#....#
#.......)5K5@......
#..####)§5.5?......
#..>§........
#............
#.§..........
#.....#......
............#
##...#.##.#..


You could see Joseph (very poisoned), Pikel and 4 lemures.

Vanquished Creatures
  An ice beast (D:5)
  An ogre (D:5)
  A centaur (D:8)
  Blork the orc (D:4)
  A bullfrog (D:8)
  A howler monkey (D:5)
  2 hounds (D:5)
  An orc priest (D:3)
  3 jellies (D:5)
  An iguana (D:5)
  Natasha (thrice) (D:2)
  4 gnolls (D:4)
  9 adders
  A shadow imp (D:5)
  A worm (D:2)
  A dart slug (D:1)
  6 orcs
  7 bats
  8 endoplasms
  5 giant cockroaches
  10 goblins
  11 hobgoblins
  6 quokkas
  3 ball pythons (D:2)
  3 frilled lizards
  10 kobolds
  4 rats
105 creatures vanquished.

Notes
Turn   | Place    | Note
-------+----------+-------------------------------------------
     0 | D:1      | Cheops the Merfolk Ice Elementalist began the quest for the
                  | Orb.
     0 | D:1      | Reached XP level 1. HP: 13/13 MP: 3/3
   200 | D:1      | Reached XP level 2. HP: 19/19 MP: 0/5
   369 | D:1      | Found Ypuder's Antique Armour Shop.
   618 | D:1      | Reached XP level 3. HP: 24/24 MP: 2/7
   626 | D:1      | Learned a level 3 spell: Frozen Ramparts
   630 | D:1      | Learned a level 3 spell: Ozocubu's Armour
  1427 | D:2      | Noticed Natasha
  1434 | D:2      | Killed Natasha
  1435 | D:2      | Reached skill level 5 in Ice Magic
  1435 | D:2      | Reached XP level 4. HP: 27/30 MP: 1/8
  1927 | D:2      | Identified the +0 robe of the Land of Plenty {+Blink rCorr
                  | Int+2}
  1958 | D:2      | Noticed Natasha
  1970 | D:2      | Reached skill level 6 in Ice Magic
  1971 | D:2      | Killed Natasha
  1972 | D:2      | Reached XP level 5. HP: 35/35 MP: 3/9
  2277 | D:2      | Noticed Natasha
  2281 | D:2      | Killed Natasha
  2573 | D:3      | Found a faded altar of an unknown god.
  2747 | D:3      | Found an ancient bone altar of Kikubaaqudgha.
  2747 | D:3      | Found a shimmering blue altar of Sif Muna.
  2755 | D:3      | Found a white marble altar of Elyvilon.
  3163 | D:3      | Reached skill level 1 in Polearms
  3163 | D:3      | Reached skill level 7 in Ice Magic
  3173 | D:3      | Reached XP level 6. HP: 33/41 MP: 4/10
  3257 | D:3      | Identified the +1 dagger "Yfraf" {pain, Dex+5}
  3388 | D:3      | Found a radiant altar of Vehumet.
  3538 | D:3      | Learned a level 4 spell: Summon Ice Beast
  3717 | D:4      | Noticed Blork the orc
  3722 | D:4      | Killed Blork the orc
  3723 | D:4      | Reached skill level 1 in Summonings
  3985 | D:4      | Found an ornate altar of the Wu Jian Council.
  4161 | D:5      | Entered Level 5 of the Dungeon
  4161 | D:5      | Noticed an ice beast
  4540 | D:5      | Reached XP level 7. HP: 46/46 MP: 4/11
  4728 | D:5      | Found a staircase to the Ecumenical Temple.
  4750 | Temple   | Entered the Ecumenical Temple
  5058 | Temple   | Became a worshipper of the Shining One
  5402 | D:5      | Reached skill level 5 in Polearms
  5716 | D:5      | Learned a level 3 spell: Tukima's Dance
  5803 | D:6      | You fall into a shaft and drop 2 floors!
  5909 | D:8      | Reached skill level 1 in Hexes
  6001 | D:8      | Found Piotaw's Distillery.
  6009 | D:8      | Reached XP level 8. HP: 44/52 MP: 6/14
  6064 | D:8      | Found Nesesot's Weapon Shoppe.
  6065 | D:8      | Noticed a hornet
  6078 | D:7      | Noticed Joseph
  6087 | D:7      | Noticed Pikel
  6096 | D:7      | HP: 2/78 [Pikel/+1 whip of freezing (8)]
  6096 | D:7      | Slain by Pikel

Illustrated notes

Levels and vault maps discovered:
D:1:      tarquinn_simple_flora_water_e, layout_basic, serial_shops,
          nicolae_shop_waterfront, nrook_campfire, minmay_tromino_i4
D:2:      layout_loops_ring, minmay_door_square, uniq_natasha
D:3:      layout_loops_ring, nicolae_overflow_hidden_temple,
          chequers_ecumenical_altar_island
D:4:      layout_rooms, nicolae_wu_jian_immortal_techniques, serial_rivers,
          chequers_serial_rivers_micro_c, chequers_serial_rivers_micro_b,
          chequers_serial_rivers_marsh, chequers_serial_rivers_marsh,
          chequers_serial_rivers_micro_d, st_stairs_6, glass_columns_b,
          minmay_misc_feat_five, uniq_blork_the_orc
D:5:      layout_loops_corners, minmay_temple_entry_statues_fountains,
          st_stairs_11, kennysheep_generic_room_2
D:6:      layout_gridville, ebering_ghost_reflecting_pool,
          minmay_divided_ellipse, uniq_sigmund, uniq_maggie
D:7:      layout_basic, uniq_pikel, uniq_joseph
D:8:      layout_layer_cave, grunt_lair_entry_orc_guard_hut, serial_shops,
          kennysheep_mini_moat, shop, nicolae_shop_industrial_runoff
Temple:   compressed_dpeg_triangle_lava_temple

Skill      XL: |  1  2  3  4  5  6  7 |
---------------+----------------------+-----
Spellcasting   | 3 4 |  4.0
Ice Magic      | 5 6 7 |  7.0
Polearms       | 1 3 6 |  6.2
Summonings     | 2 3 |  3.0
Hexes          | 2 |  2.1
Dodging        | |  2.6
Stealth        | |  2.1

Action                     |  1- 3 |  4- 6 |  7- 9 || total
---------------------------+-------+-------+-------++-------
  Melee: Short sword       |    12 |     7 |       ||    19
         Trident           |       |     1 |    21 ||    22
   Cast: Freeze            |    48 |    79 |    34 ||   161
         Frozen Ramparts   |     1 |    10 |     7 ||    18
         Ozocubu's Armour  |       |       |     3 ||     3
         Summon Ice Beast  |       |       |     1 ||     1
  Evoke: Wand              |       |       |     1 ||     1
    Use: Scroll            |       |     6 |     3 ||     9
         Potion            |       |       |     2 ||     2
 Armour: Robe              |    15 |    12 |    18 ||    45
  Dodge: Dodged            |    32 |    45 |    59 ||   136
